 Dungeon Crawl Stone Soup version 0.30.0 (webtiles) character file.

Game seed: 14308937299525686555

334 Dani the Slasher (level 6, -2/48 HPs)
             Began as a Demigod Reaver on May 13, 2023.
             Slain by a wyvern (12 damage)
             ... on level 4 of the Dungeon.
             The game lasted 00:07:03 (3009 turns).

Dani the Slasher (Demigod Reaver)                   Turns: 3009, Time: 00:07:04

Health: -2/48      AC:  5    Str: 13    XL:     6   Next: 6%
Magic:  11/11      EV: 11    Int: 15    God:
Gold:   167        SH:  0    Dex: 20    Spells: 7/8 levels left

rFire   . . .        b - +1 dagger (venom)
rCold   . . .        (no shield)
rNeg    + . .        l - +0 ring mail
rPois   .            (no helmet)
rElec   .            s - scarf {shadows}
rCorr   .            (no gloves)
SInv    .            (no boots)
Will    .....        m - amulet of the acrobat
Stlth   +            n - ring of positive energy
HPRegen 0.28/turn    (no ring)
MPRegen 0.12/turn

%: acrobat
@: no status effects
A: high MP 1, forlorn, divine attributes
a: no special abilities


You were on level 4 of the Dungeon.
You visited 1 branch of the dungeon, and saw 4 of its levels.
You also visited: Sewer.

You collected 167 gold pieces.

Inventory:

Hand Weapons
 a - a +0 falchion
 b - a +1 dagger of venom (weapon)
   (You found it on level 1 of the Dungeon)
Missiles
 k - 5 javelins
Armour
 c - a +0 cloak
   (You found it on level 1 of the Dungeon)
 g - a +0 leather armour
 l - a +0 ring mail (worn)
   (You found it on level 2 of the Dungeon)
 s - a scarf of shadows (worn)
   (You found it on level 4 of the Dungeon)
Jewellery
 f - a ring of magical power
   (You found it on level 2 of the Dungeon)
 m - an amulet of the acrobat (around neck)
   (You found it on level 1 of the Dungeon)
 n - a ring of positive energy (left hand)
   (You found it on level 1 of the Dungeon)
Wands
 A - a wand of acid (6)
   (You found it in a sewer)
Scrolls
 q - a scroll of fog
 r - a scroll of enchant weapon
 B - a scroll of blinking
 T - a scroll of teleportation
Potions
 d - 2 potions of flight
 e - a potion of resistance
 h - a potion of lignification {unknown}
 i - 2 potions of invisibility {unknown}
 j - 4 potions of curing {unknown}
 o - a potion of experience {unknown}
 p - a potion of might {unknown}
 t - a potion of attraction {unknown}


   Skills:
 - Level 1.7 Fighting
 - Level 5.0 Long Blades
 + Level 3.9 Ranged Weapons
 - Level 1.7 Dodging
 - Level 1.7 Spellcasting
 - Level 2.6 Conjurations


You had 7 spell levels left.
You knew the following spells:

 Your Spells              Type           Power      Damage    Failure   Level
a - Kiss of Death         Conj/Necr      20%        2d7       28%         1

Your spell library contained the following spells:

 Spells                   Type           Power      Damage    Failure   Level
 Momentum Strike          Conj/Tloc      10%        3d8       41%         2
 Beastly Appendage        Tmut           2%         N/A       45%         1
 Wereblood                Tmut           1%         N/A       58%         2
 Hailstorm                Conj/Ice       5%         3d4       65%         3
 Spider Form              Tmut/Pois      1%         N/A       83%         3


Dungeon Overview and Level Annotations

Branches:
Dungeon (4/15)              Sewer (visited)
 Temple: D:4-7

Shops:
D:4 [


Innate Abilities, Weirdness & Mutations

You have an increased reservoir of magic. (+10% MP)
You shall have no god before yourself.
Your divine heritage dramatically boosts your attributes as you level up.


Message History

You barely miss the phantom.
The phantom is moderately damaged.
The phantom hits you.
* * * LOW HITPOINT WARNING * * *
You are too injured to fight recklessly!
You are too injured to fight recklessly!
You are too injured to fight recklessly!
You are too injured to fight recklessly!
You miss the phantom.
The phantom is moderately damaged.
The phantom hits you.
* * * LOW HITPOINT WARNING * * *
The phantom blinks!
You blink.
You slash the phantom!
The phantom is severely damaged.
The phantom hits you but does no damage.
You hit the phantom.
The phantom is almost destroyed.
The phantom barely misses you.
You hit the phantom.
The phantom is almost destroyed.
The phantom hits you but does no damage.
You barely miss the phantom.
The phantom is almost destroyed.
The phantom hits you but does no damage.
You hit the phantom.
You destroy the phantom!
You have reached level 6!
Your experience leads to a dramatic increase in your attributes!
Increase (S)trength, (I)ntelligence, or (D)exterity?
You feel agile. x4
HP restored.
Done exploring.
Adjust to which letter? (? for menu, Esc to quit)
b - a +1 dagger of venom;
g - a +0 leather armour Your +1 dagger of venom begins to drip with poison!
b - a +1 dagger of venom (weapon)
There is a stone staircase leading down, spattered with blood here.
You climb downwards.
There is a stone staircase leading up here.
A quokka comes into view.
A quokka is nearby!
A quokka is nearby!
A quokka is nearby!
Found an embroidered scarf.
The quokka bites you. The quokka completely misses you.
You hit the quokka.
The quokka is poisoned.
The quokka is almost dead.
You kill the quokka!
No target in view!
You see here a scarf of shadows.
s - a scarf of shadows You start removing your armour.
You continue taking off your +0 cloak.
Keep disrobing? [Y]es or [N]o only, please.
Keep disrobing?
You continue taking off your +0 cloak. x3
You finish taking off your +0 cloak.
You hit the hobgoblin.
The hobgoblin is poisoned.
The hobgoblin is heavily wounded.
You kill the hobgoblin!
No target in view!
No target in view!
Okay, then.
You start putting on your armour.
You continue putting on your scarf of shadows. x4
You finish putting on your scarf of shadows.
It gets dark.
Key pressed, stopping explore.
Key pressed, stopping explore.
Key pressed, stopping explore.
t - an amethyst potion
Found a stone staircase leading up.
You now have 167 gold pieces (gained 13).
A wyvern comes into view.
The wyvern hisses angrily.
The wyvern moves out of view.
A wyvern and a gnoll come into view.
The wyvern hisses menacingly.
The gnoll moves out of view.
A wyvern is nearby!
A wyvern is nearby!
A wyvern is nearby!
The wyvern completely misses you. x2
You closely miss the wyvern. The wyvern bites you!
The gnoll shouts!
You hit the wyvern but do no damage.
You hear a shout!
The wyvern closely misses you.
You hear a shout!
A gnoll comes into view. It is wielding a +0 whip.
You closely miss the wyvern.
You hear a shout!
The wyvern bites you!
* * * LOW HITPOINT WARNING * * *
The wyvern bites you!
* * * LOW HITPOINT WARNING * * *
You are too injured to fight recklessly!
You barely miss the wyvern. The wyvern bites you!
You die...

... ###..g ...g ...##
#...# #l.##
######@..##
##..<#.....#
#.........##.
#.............
###.#..##.#... #....
##....#..#... #....
#...#........ .....
##..#......... ##.....
###.........####...#..


You could see a wyvern and 2 gnolls.

Vanquished Creatures
  A phantom (D:3)
  An orc priest (D:3)
  A hell rat (Sewer)
  An orc wizard (D:3)
  5 adders
  5 river rats
  2 dart slugs
  3 orcs
  8 bats
  6 endoplasms
  4 giant cockroaches
  9 goblins
  9 hobgoblins
  4 jackals (D:2)
  6 kobolds
  6 quokkas
  3 ball pythons
  2 frilled lizards
  9 rats
85 creatures vanquished.

Notes
Turn   | Place    | Note
-------+----------+-------------------------------------------
     0 | D:1      | Dani the Demigod Reaver began the quest for the Orb.
     0 | D:1      | Reached XP level 1. HP: 17/17 MP: 5/5
    27 | D:1      | Reached skill level 3 in Long Blades
   173 | D:1      | Reached XP level 2. HP: 22/24 MP: 7/7
   457 | D:1      | You fall into a shaft and drop 1 floor!
   494 | D:2      | Reached XP level 3. HP: 25/29 MP: 8/8
   571 | D:2      | Reached skill level 4 in Long Blades
  1785 | D:3      | Reached XP level 4. HP: 36/36 MP: 9/9
  1797 | D:3      | Reached skill level 1 in Ranged Weapons
  1848 | D:3      | Found a glowing drain.
  1852 | Sewer    | Entered a sewer
  1988 | Sewer    | Reached skill level 5 in Long Blades
  1988 | Sewer    | Reached skill level 2 in Ranged Weapons
  1988 | Sewer    | Reached XP level 5. HP: 39/41 MP: 10/10
  2317 | D:3      | Reached skill level 3 in Ranged Weapons
  2771 | D:4      | Found Hicwen's Armour Boutique.
  2824 | D:3      | Reached XP level 6. HP: 18/48 MP: 11/11
  3003 | D:4      | Noticed a wyvern
  3008 | D:4      | HP: 9/48 [wyvern (11)]
  3009 | D:4      | Slain by a wyvern

Illustrated notes

Levels and vault maps discovered:
D:1:      reono_arrival_mine, layout_loops_ring, chequers_garden
D:2:      layout_basic, chequers_serial_rivers_room_b, minmay_tromino_i2
D:3:      layout_loops_ring, gup_sewer_entry_spiral
D:4:      cheibrodos_quashed, layout_cave_pools, doesnt_xom_only_xom,
          gammafunk_ghost_stat_death, serial_shops, nicolae_take_the_stairs,
          kennysheep_mini_moat, uniq_pikel

Skill      XL: |  1  2  3  4  5 |
---------------+----------------+-----
Long Blades    | 3 4 5 |  5.0
Ranged Weapons | 2 3 |  3.9
Fighting       | |  1.7
Dodging        | |  1.7
Spellcasting   | |  1.7
Conjurations   | |  2.6

Action                     |  1- 3 |  4- 6 || total
---------------------------+-------+-------++-------
  Melee: Falchion          |    36 |    14 ||    50
         Punch             |     2 |     1 ||     3
         Dagger            |   135 |   146 ||   281
    Use: Scroll            |     8 |     3 ||    11
 Armour: Leather armour    |    38 |       ||    38
         Ring mail         |    17 |    46 ||    63
  Dodge: Dodged            |   102 |    80 ||   182

Levels and vault maps discovered:
D:1:      reono_arrival_mine, layout_loops_ring, chequers_garden
D:2:      layout_basic, chequers_serial_rivers_room_b, minmay_tromino_i2
D:3:      layout_loops_ring, gup_sewer_entry_spiral
D:4:      cheibrodos_quashed, layout_cave_pools, doesnt_xom_only_xom,
          gammafunk_ghost_stat_death, serial_shops, nicolae_take_the_stairs,
          kennysheep_mini_moat, uniq_pikel

Table legend: (Time is in decaauts)
 A = Elapsed time spent in this place.
 B = Non-inter-level travel time spent in this place.
 C = Inter-level travel time spent in this place.
 D = Time resting spent in this place.
 E = Time spent auto-exploring this place.
 F = Levels seen in this place.
 G = Mean time per level.
                   A        B        C        D        E       F      G
               +--------+--------+--------+--------+--------+-----+--------+
         Total |   3033 |   2860 |    173 |      2 |   2026 |   5 |  606.6 |
       Dungeon |   2845 |   2672 |    173 |      2 |   1912 |   4 |  711.2 |
         Sewer |    187 |    187 |      0 |      0 |    114 |   1 |  187.0 |
               +--------+--------+--------+--------+--------+-----+--------+

Top non-repeatable levels by time:
     D:3: 1201 daAuts
     D:2: 818 daAuts
     D:1: 722 daAuts
   Sewer: 187 daAuts
     D:4: 104 daAuts

Table legend:
 A = Kills in this place as a percentage of kills in the entire game.
 B = Kills by you in this place as a percentage of kills by you in the entire game.
 C = Kills by friends in this place as a percentage of kills by friends in the entire game.
 D = Other kills in this place as a percentage of other kills in the entire game.
 E = Experience gained in this place as a percentage of experience gained in the entire game.
 F = Experience gained in this place divided by the number of levels of this place that you have seen.
                   A       B       C       D       E      F
               +-------+-------+-------+-------+-------+----------------------
         Total | 100.0 | 100.0 |   N/A |   N/A | 100.0 |  95.6
       Dungeon |  88.2 |  88.2 |   N/A |   N/A |  82.8 |  99.0
         Sewer |  11.8 |  11.8 |   N/A |   N/A |  17.2 |  82.0
               +-------+-------+-------+-------+-------+----------------------
